 Dungeon Crawl Stone Soup version 0.25-a0-696-g42a9e46d90 (webtiles) character file.

Game seed: 15520146542501352566, levelgen mode: deterministic

84486 CryoSword the Geomancer (level 15, -25/95 HPs)
             Began as a Gargoyle Earth Elementalist on Mar 31, 2020.
             Was a High Priest of Elyvilon.
             Killed from afar by Azrael (30 damage)
             ... with a fireball
             ... on level 14 of the Dungeon.
             The game lasted 02:19:10 (39957 turns).

CryoSword the Geomancer (GrEE)                     Turns: 39957, Time: 02:19:11

Health: -25/95     AC: 30    Str: 14    XL:     15   Next: 80%
Magic:  21/24      EV: 18    Int: 20    God:    Elyvilon [*****.]
Gold:   239        SH:  4    Dex: 10    Spells: 6/27 levels left

rFire    . . .     SeeInvis .   a - +2 eveningstar (freeze)
rCold    . . .     Gourm    .   t - +0 buckler
rNeg     + . .     Faith    .   I - +2 steam dragon scales
rPois    ∞         Spirit   .   S - +0 helmet
rElec    +         Reflect  .   g - +0 cloak
rCorr    .         Harm     .   U - +2 pair of gloves
MR       +....                  X - +0 pair of boots
Stlth    +++.......             D - amulet of rage
HPRegen  0.25/turn              x - +3 ring of evasion
MPRegen  0.19/turn              j - +4 ring of protection {=R}

@: very slightly contaminated
A: big wings, negative energy resistance 1, electricity resistance, unbreathing,
petrification resistance, rot immunity, AC +11
a: Fly, Lesser Healing, Heal Other, Purification, Greater Healing, Divine
Vigour, Divine Protection, Renounce Religion, Evoke Berserk Rage


You were on level 14 of the Dungeon.
You worshipped Elyvilon.
Elyvilon was extremely pleased with you.
You were very hungry.

You visited 3 branches of the dungeon, and saw 21 of its levels.
You visited 1 bazaar.

You collected 1773 gold pieces.
You spent 1534 gold pieces at shops.

Inventory:

Hand Weapons
 a - a +2 eveningstar of freezing (weapon)
   (You took it off Urug on level 13 of the Dungeon)
Missiles
 r - 15 boomerangs
 C - 9 curare-tipped darts (quivered)
 E - 8 throwing nets
Armour
 g - a +0 cloak (worn)
   (You found it on level 1 of the Dungeon)
 t - a +0 buckler (worn)
   (You found it on level 3 of the Lair of Beasts)
 I - +2 steam dragon scales (worn)
   (You took it off Maggie on level 8 of the Dungeon)
 S - a +0 helmet (worn)
   (You found it on level 9 of the Dungeon)
 U - a +2 pair of gloves (worn)
   (You found it on level 11 of the Dungeon)
 X - a +0 pair of boots (worn)
   (You found it on level 5 of the Lair of Beasts)
Magical Staves
 b - an uncursed staff of conjuration
   (You found it on level 2 of the Lair of Beasts)
Jewellery
 c - an uncursed ring of protection from magic
   (You found it on level 4 of the Dungeon)
 j - a +4 ring of protection (right hand) {=R}
   (You found it on level 6 of the Lair of Beasts)
 u - an uncursed ring of protection from cold
   (You found it on level 8 of the Dungeon)
 x - a +3 ring of evasion (left hand)
   (You found it on level 12 of the Dungeon)
 D - an amulet of rage (around neck)
   (You found it on level 7 of the Dungeon)
 W - an uncursed ring of stealth
   (You found it on level 11 of the Dungeon)
Wands
 e - a wand of acid (6)
   (You found it on level 8 of the Dungeon)
 B - a wand of flame (14)
   (You found it on level 14 of the Dungeon)
 N - a wand of iceblast (27)
   (You found it on level 9 of the Dungeon)
Scrolls
 f - 9 scrolls of remove curse {@r2}
 h - a scroll of holy word {unknown}
 l - 3 scrolls of random uselessness {unknown}
 n - 3 scrolls of identify {@r1}
 o - 2 scrolls of enchant armour
 p - a scroll of blinking {unknown}
 q - 4 scrolls of magic mapping
 s - 6 scrolls of teleportation {@r4}
 w - 2 scrolls of fear
 y - a scroll of enchant weapon
 G - 2 scrolls of fog
 M - 3 scrolls of amnesia
 R - 2 scrolls of immolation {unknown}
Potions
 i - 11 potions of curing {@q1}
 m - a potion of magic
 v - a potion of lignification {!q}
 z - 7 potions of brilliance
 A - a potion of cancellation
 H - a potion of berserk rage
 J - 2 potions of might
 K - 2 potions of stabbing
 P - a potion of resistance
 Q - 4 potions of mutation {!q}
 T - 2 potions of heal wounds {@q2}
 Z - 2 potions of haste {@q3}
Miscellaneous
 k - a lightning rod (4/4) {!a}
   (You found it on level 13 of the Dungeon)
Comestibles
 d - 45 rations {!d}


   Skills:
 + Level 11.5 Fighting
   Level 2.8 Short Blades
 * Level 11.3 Maces & Flails
 - Level 5.0 Armour
 - Level 7.6 Dodging
 - Level 5.1 Stealth
 - Level 4.1 Shields
 + Level 6.6 Spellcasting
 * Level 8.4 Conjurations
 + Level 1.7 Hexes
 - Level 3.0 Transmutations
 + Level 14.4 Earth Magic
 + Level 12.5 Invocations


You had 6 spell levels left.
You knew the following spells:

 Your Spells              Type           Power        Failure   Level  Hunger
a - Stone Arrow           Conj/Erth      ######       1%          3    #......
b - Leda's Liquefaction   Hex/Erth       #####.....   3%          4    ###....
c - Iron Shot             Conj/Erth      ######....   14%         6    ######.
d - Lee's Rapid Deconstr  Erth           ######....   1%          5    #####..
e - Passwall              Tmut/Erth      #####...     1%          2    None
z - Sandblast             Erth           ######       1%          1    None

Your spell library contained the following spells:

 Spells                   Type           Power        Failure   Level  Hunger
 Petrify                  Tmut/Erth      #####...     2%          4    ###....
 Dazzling Flash           Conj/Hex       ####..       3%          3    #......
 Corona                   Hex            ##.....      4%          1    None
 Conjure Flame            Conj/Fire      ###.....     5%          3    #......
 Static Discharge         Conj/Air       ###.....     5%          3    #......
 Animate Skeleton         Necr           N/A          10%         1    None
 Apportation              Tloc           #.....       10%         1    None
 Pain                     Necr           #...         10%         1    None
 Summon Butterflies       Summ           #.......     10%         1    None
 Summon Small Mammal      Summ           #...         10%         1    None
 Mephitic Cloud           Conj/Pois/Air  ###.....     10%         3    #......
 Ensorcelled Hibernation  Hex/Ice        ##....       11%         2    None
 Bolt of Magma            Conj/Fire/Erth #####.....   12%         5    #####..
 Confusing Touch          Hex            ##......     14%         3    #......
 Tukima's Dance           Hex            ##......     14%         3    #......
 Call Imp                 Summ           #.......     16%         2    None
 Poisonous Vapours        Pois/Air       #.....       16%         2    None
 Summon Guardian Golem    Hex/Summ       ##......     21%         3    #......
 Call Canine Familiar     Summ           #.......     30%         3    #......
 Gell's Gravitas          Tloc           #.........   30%         3    #......
 Lesser Beckoning         Tloc           #.........   30%         3    #......
 Vampiric Draining        Necr           #.........   30%         3    #......
 Cause Fear               Hex            ##........   43%         4    ###....
 Lightning Bolt           Conj/Air       ###.......   43%         5    #####..
 Animate Dead             Necr           N/A          69%         4    ###....
 Summon Ice Beast         Ice/Summ       #.......     69%         4    ###....
 Summon Lightning Spire   Summ/Air       #.......     69%         4    ###....
 Yara's Violent Unravell  Hex/Tmut       ###.......   71%         5    #####..
 Alistair's Intoxication  Tmut/Pois      ##......     83%         5    #####..
 Metabolic Englaciation   Hex/Ice        ##........   88%         5    #####..
 Silence                  Hex/Air        ##........   88%         5    #####..
 Agony                    Necr           #.......     95%         5    #####..
 Conjure Ball Lightning   Conj/Air       ###.......   95%         6    ######.
 Freezing Cloud           Conj/Ice/Air   ###.......   99%         6    ######.
 Deflect Missiles         Chrm/Air       #.........   100%        6    ######.
 Invisibility             Hex            ##......     100%        6    ######.
 Lehudib's Crystal Spear  Conj/Erth      ######....   99%         8    #######
 Ring of Flames           Chrm/Fire      #.........   100%        7    #######
 Chain Lightning          Conj/Air       ###.......   100%        8    #######
 Discord                  Hex            ##........   100%        8    #######
 Ignition                 Fire           #.........   100%        8    #######
 Absolute Zero            Ice            #.........   100%        9    #######
 Fire Storm               Conj/Fire      ###.......   100%        9    #######
 Shatter                  Erth           ######....   100%        9    #######
 Tornado                  Air            #.........   100%        9    #######
 Statue Form              Tmut/Erth      Unusable     N/A         6    N/A

Dungeon Overview and Level Annotations

Branches:
Dungeon (14/15)            Temple (1/1) D:4            Lair (6/6) D:11
  Swamp (0/4) Lair:3       Spider (0/4) Lair:2        Slime (0/5) Lair:6
    Orc (0/2) D:11         Vaults (0/5) D:13

Altars:
Ashenzari
Cheibriados
Dithmenos
Elyvilon
Fedhas
Gozag
Hepliaklqana
Kikubaaqudgha
Makhleb
Nemelex Xobeh
Okawaru
Qazlal
Ru
Sif Muna
Trog
Uskayaw
Vehumet
Wu Jian
Xom
Yredelemnul
Zin
The Shining One
Beogh

Shops:
D:4 *

Annotations:
D:14 Azrael
Lair:1 exclusion: 2 oklob plants


Innate Abilities, Weirdness & Mutations

You are resistant to torment.
Your stone body is resilient. (AC +11)
You are immune to poison.
Your large and strong wings let you fly indefinitely.
You resist negative energy. (rN+)
You are resistant to electric shocks. (rElec)
You can survive without breathing.
You are immune to petrification.
You are immune to rotting.


Message History

You kill the howler monkey!
Aim: a slime creature (covering ground slowly)
The stone arrow hits the slime creature!!
You barely miss the slime creature.
The slime creature hits you but does no damage.
You sock the slime creature! You freeze the slime creature.
The slime creature misses you. The slime creature hits you.
You barely miss the slime creature.
The slime creature hits you but does no damage.
You block the slime creature's attack.
You barely miss the slime creature. You block the slime creature's attack.
The slime creature becomes momentarily stuck in the liquid earth.
You bludgeon the slime creature!! You freeze the slime creature.
The slime creature barely misses you. The slime creature hits you.
The hippogriff screeches!
You puncture the slime creature! You freeze the slime creature!
You kill the slime creature!
The slime creature barely misses you.
A howler monkey comes into view.
You completely miss the slime creature.
The slime creature becomes momentarily stuck in the liquid earth.
You hit the slime creature. You freeze the slime creature.
The slime creature becomes momentarily stuck in the liquid earth.
You bludgeon the slime creature!! You freeze the slime creature!
The slime creature hits you but does no damage.
You barely miss the slime creature.
A slime creature comes into view.
The slime creature becomes momentarily stuck in the liquid earth.
You impale the slime creature!! You freeze the slime creature.
You kill the slime creature!
An ogre comes into view. It is wielding a +0 giant spiked club.
A slime creature comes into view.
The ogre shouts!
You bludgeon the hippogriff!! You freeze the hippogriff!
The hippogriff bites you but does no damage.
The hippogriff pecks you but does no damage.
The hippogriff claws you but does no damage.
You puncture the hippogriff! You freeze the hippogriff.
You kill the hippogriff!
Aim: a slime creature The stone arrow hits the slime creature!
Aim: a slime creature (moderately wounded)
The stone arrow hits the slime creature!
You block the slime creature's attack.
You thump the slime creature! You freeze the slime creature.
You block the slime creature's attack.
The slime creature hits you but does no damage.
You hit the slime creature. You freeze the slime creature.
The slime creature closely misses you.
The howler monkey hoots and howls with incredible vigour!
The slime creature hits you!
You hear a screech!
You hit the slime creature but do no damage.
The ogre hits you with a +0 giant spiked club.
The slime creature hits you but does no damage.
The slime creature hits you.
Things that are here:
a cursed +2 battleaxe; a +0 robe You sock the slime creature!
You freeze the slime creature.
You kill the slime creature!
The ground is no longer liquid beneath you.
The ground around you becomes liquefied!
The slime creature barely misses you.
The howler monkey hoots and howls with incredible vigour!
The slime creature quivers.
You hear a shout!
You hear a loud, deep croak!
You sock the slime creature! You freeze the slime creature.
The slime creature becomes momentarily stuck in the liquid earth.
A slime creature comes into view.
You hit the slime creature but do no damage.
The slime creature becomes momentarily stuck in the liquid earth.
You bludgeon the slime creature!! You freeze the slime creature.
The slime creature hits you.
You barely miss the slime creature. The slime creature closely misses you.
You barely miss the howler monkey.
The slime creature hits you but does no damage.
The howler monkey hoots and howls with incredible vigour!
You hear a shout! x2; You hear a croak.
You barely miss the howler monkey. The howler monkey closely misses you.
You block the slime creature's attack.
You thump the slime creature! You freeze the slime creature.
Two slime creatures merge to form a large slime creature.
The howler monkey closely misses you.
Two slime creatures merge to form a very large slime creature.
A bullfrog comes into view.
You block the bullfrog's attack.
The howler monkey hoots and howls with incredible vigour!
The bullfrog barely misses you.
You hear a shout!
There is a stone staircase leading up here.
You block the bullfrog's attack. The howler monkey closely misses you.
You climb upwards.
There is a stone staircase leading down here.
You hit the bullfrog. You freeze the bullfrog. The bullfrog closely misses you.
The bullfrog hits you but does no damage.
You impale the bullfrog!! You freeze the bullfrog.
You kill the bullfrog!
The ground is no longer liquid beneath you.
There is a stone staircase leading down here.
There is a stone staircase leading down here.
You start resting.
You are feeling very hungry.
You start resting.
You start resting.
You climb downwards.
Level annotation: Azrael
Found 10 stones.
There is a stone staircase leading up here.
You open the door.
Found a scroll labeled CUSUEV RARIGRO and 14 arrows.
Found a stone staircase leading down.
There is an open door here.
There is a stone staircase leading down here.
h - a scroll labeled CUSUEV RARIGRO You open the door.
There is an open door here.
Azrael gestures at you. The bolt of fire hits you!
You miscast Leda's Liquefaction.
You are very lightly contaminated with residual magic.
Motes of dust swirl before your eyes. Azrael gestures at you.
The bolt of fire hits you!!
Aim: a fire elemental The stone arrow hits the fire elemental!
Azrael is momentarily hidden by a cloud of flames.
The fire elemental hits you. The fire elemental burns you!
Azrael gestures at you.
The bolt of fire hits the fire elemental.
The fire elemental completely resists.
The bolt of fire hits you! The fire elemental hits you.
The fire elemental burns you!
* * * LOW HITPOINT WARNING * * *
There is an open door here.
The fire elemental hits you. The fire elemental burns you!
* * * LOW HITPOINT WARNING * * *
The fire elemental completely misses you.
There is an open door here.
The fire elemental barely misses you. The fire elemental barely misses you.
The fire elemental misses you. Azrael gestures at you.
The fireball explodes!
The fireball engulfs the fire elemental.
The fire elemental completely resists.
The fireball engulfs you!!
* * * LOW HITPOINT WARNING * * *
Azrael gestures at you.
The fireball explodes!
The fireball engulfs the fire elemental.
The fire elemental completely resists.
The fireball engulfs you!!
You die...

..#......R...#....#.....#.......#
..#....°.....############)......#
..#...☼......#.....# #.......#
..#..°.......#.....# #.......#
####°###.....#.....# #)..(...#
..#(○..#.....#.....# #.>.....#
..#.R○.#######.....# #.......#
..#..°.#.....#....<# #.......#
..#...°#..R..☼○E@..#.J..J........
..#.>..'.....(.....#J.......)....
..#....#...........#.............
..#....#...........#.............
..#....#...........#.............
#################################


You could see Azrael and a fire elemental.

Vanquished Creatures
  Rupert (Lair:5)
  Frances (D:13)
  An ironheart preserver (D:13)
  A fire dragon (Lair:6)
  3 hydras
  A catoblepas (Lair:4)
  4 two-headed ogres
  A centaur warrior (D:13)
  2 tengu warriors
  A death yak (Lair:5)
  Urug (D:13)
  Nergalle (Lair:4)
  Sonja (Lair:4)
  A swamp dragon (Lair:6)
  An unseen horror (D:12)
  A glowing orange brain (D:12)
  Pikel (D:3)
  3 ugly things
  3 manticores
  2 wolf spiders (Lair:6)
  A deep elf mage (D:13)
  2 cyclopes
  3 centaur zombies
  A torpor snail (Lair:6)
  16 elephants
  A gargoyle (D:13)
  10 black mambas
  18 spiny frogs
  Maggie (D:8)
  A kobold demonologist (D:11)
  4 rime drakes
  3 demonic crawlers (D:12)
  8 komodo dragons
  2 queen bees
  3 meliai (D:14)
  2 tengu conjurers
  2 trolls
  3 hornets
  4 jumping spiders (Lair:2)
  Grinder (D:3)
  15 blink frogs
  9 dream sheep (Lair:6)
  13 hippogriffs
  7 slime creatures
  2 vampires
  7 redbacks
  3 small abominations (D:12)
  Sigmund (D:4)
  20 wyverns
  41 yaks
  A hungry ghost (D:14)
  7 basilisks
  2 fire elementals (D:14)
  5 steam dragons
  A vampire mosquito (D:12)
  30 water moccasins
  4 hell hounds
  4 acid dragons
  A floating eye (D:12)
  A soldier ant (D:12)
  19 porcupines
  11 orc warriors
  6 sky beasts
  4 slaves (D:3)
  8 ice beasts
  5 black bears
  4 ogres
  A phantom (D:4)
  10 centaurs
  5 wolves
  A big kobold (D:8)
  11 crocodiles
  9 bullfrogs
  3 gnoll sergeants (D:10)
  6 scorpions
  47 killer bees
  14 wights
  6 howler monkeys
  2 vampire bats (D:7)
  8 crimson imps
  A bullfrog zombie (D:5)
  14 jellies
  13 orc priests
  4 centaur skeletons
  9 hounds
  A bullfrog skeleton (D:8)
  3 gnoll shamans (D:10)
  4 iguanas
  18 orc wizards
  13 worker ants
  2 hound zombies
  3 worker ant zombies
  12 adders
  24 gnolls
  2 shadow imps
  3 worms
  A dart slug (D:2)
  2 leopard geckos
  69 orcs
  2 bat skeletons (D:7)
  4 bat zombies (D:7)
  7 giant cockroaches
  4 goblins
  5 hobgoblins
  12 jackals
  2 quokkas
  9 bats
  11 frilled lizards
  6 kobolds
  A quokka skeleton (D:4)
  7 rats
  6 fungi (Lair:6)
  A plant (Lair:6)
746 creatures vanquished.

Vanquished Creatures (others)
  A basilisk (Lair:6)
  A crocodile (Lair:6)
  2 howler monkeys (D:11)
  A hound (D:14)
  An orc wizard (D:11)
  24 fungi
  26 plants
56 creatures vanquished.

Grand Total: 802 creatures vanquished

Notes
Turn   | Place    | Note
-------+----------+-------------------------------------------
     0 | D:1      | CryoSword the Gargoyle Earth Elementalist began the quest
                  | for the Orb.
     0 | D:1      | Reached XP level 1. HP: 10/10 MP: 3/3
   282 | D:1      | Reached skill level 4 in Earth Magic
   282 | D:1      | Reached XP level 2. HP: 15/15 MP: 1/5
   901 | D:2      | Reached XP level 3. HP: 19/19 MP: 2/6
  1401 | D:2      | Reached XP level 4. HP: 24/24 MP: 0/7
  1424 | D:2      | Learned a level 3 spell: Stone Arrow
  1427 | D:2      | Learned a level 2 spell: Passwall
  1688 | D:2      | Reached skill level 5 in Earth Magic
  2301 | D:2      | Reached XP level 5. HP: 17/28 MP: 2/8
  2636 | D:3      | Reached skill level 1 in Conjurations
  2739 | D:3      | Noticed Grinder
  2750 | D:3      | Killed Grinder
  2750 | D:3      | Reached skill level 6 in Earth Magic
  2750 | D:3      | Reached XP level 6. HP: 10/32 MP: 9/9
  3023 | D:3      | You fall into a shaft and drop 2 floors!
  3023 | D:5      | Entered Level 5 of the Dungeon
  3372 | D:4      | Noticed Pikel
  3372 | D:4      | Noticed a slave
  3372 | D:4      | Noticed a slave
  3372 | D:4      | Noticed a slave
  3377 | D:4      | Noticed a slave
  3406 | D:3      | Killed a slave
  3413 | D:3      | Killed a slave
  3613 | D:3      | Killed a slave
  3931 | D:3      | Killed a slave
  4484 | D:4      | Noticed Sigmund
  4697 | D:3      | Killed Pikel
  4697 | D:3      | Reached skill level 7 in Earth Magic
  4697 | D:3      | Reached XP level 7. HP: 32/40 MP: 1/10
  5275 | D:4      | Found a staircase to the Ecumenical Temple,
  5284 | Temple   | Entered the Ecumenical Temple
  5352 | Temple   | Became a worshipper of Elyvilon the Healer
  5441 | D:4      | Reached XP level 8. HP: 31/44 MP: 2/11
  5596 | D:4      | Reached skill level 5 in Stealth
  5752 | D:4      | Found Kojozu's Assorted Antiques,
  5989 | D:4      | Killed Sigmund
  5989 | D:4      | Reached skill level 1 in Maces & Flails
  5989 | D:4      | Reached skill level 1 in Invocations
  6678 | D:5      | Reached * piety under Elyvilon
  7590 | D:6      | Reached XP level 9. HP: 52/52 MP: 5/13
  7935 | D:6      | Reached ** piety under Elyvilon
  8814 | D:7      | Found a glowing silver altar of Zin,
  9188 | D:7      | Reached skill level 5 in Fighting
  9569 | D:7      | Found an ancient bone altar of Kikubaaqudgha,
  9714 | D:8      | Noticed Maggie
  9738 | D:8      | Killed Maggie
  9738 | D:8      | Reached skill level 1 in Armour
  9990 | D:8      | Reached skill level 5 in Maces & Flails
 10033 | D:9      | Reached skill level 5 in Invocations
 10484 | D:8      | Reached XP level 10. HP: 60/60 MP: 16/16
 10875 | D:8      | Reached *** piety under Elyvilon
 11074 | D:8      | Found a shattered altar of Ashenzari,
 11363 | D:8      | Found a shadowy altar of Dithmenos,
 11780 | D:9      | Found a burning altar of Makhleb,
 11810 | D:9      | Noticed a two-headed ogre
 11840 | D:9      | Killed a two-headed ogre
 12038 | D:9      | Found a stormy altar of Qazlal,
 12167 | D:9      | Reached **** piety under Elyvilon
 12542 | D:10     | Entered Level 10 of the Dungeon
 12720 | D:9      | Found an iron altar of Okawaru,
 12720 | D:9      | Found an ornate altar of the Wu Jian Council,
 13752 | D:9      | Reached XP level 11. HP: 66/67 MP: 17/17
 15119 | D:10     | Learned a level 5 spell: Lee's Rapid Deconstruction
 15144 | D:11     | Reached ***** piety under Elyvilon
 15151 | D:11     | Reached skill level 8 in Earth Magic
 15569 | D:11     | Found a roughly hewn altar of Beogh,
 15793 | D:11     | Found a staircase to the Orcish Mines,
 16130 | D:11     | Reached skill level 5 in Dodging
 16234 | D:11     | Noticed a cyan ugly thing
 16284 | D:11     | Noticed a six-headed hydra
 16290 | D:11     | Pacified a six-headed hydra
 16290 | D:11     | Reached skill level 5 in Armour
 16506 | D:11     | Noticed a purple ugly thing
 16508 | D:11     | Found a staircase to the Lair,
 16683 | D:11     | Got a steaming war axe
 16840 | D:11     | Identified the +7 war axe of Subterfuge {vorpal, MP+9} (You
                  | found it on level 11 of the Dungeon)
 16860 | Lair:1   | Entered Level 1 of the Lair of Beasts
 17939 | D:11     | Reached skill level 9 in Earth Magic
 18291 | D:11     | Killed a cyan ugly thing
 18291 | D:11     | Reached XP level 12. HP: 63/75 MP: 19/19
 19654 | D:4      | Bought a hardcover book for 285 gold pieces
 19654 | D:4      | Bought a leatherbound book for 285 gold pieces
 19899 | Lair:2   | Reached skill level 1 in Transmutations
 20085 | Lair:2   | Reached skill level 10 in Invocations
 20877 | Lair:2   | Found a hole to the Spider Nest,
 21216 | Lair:2   | Reached skill level 10 in Earth Magic
 21447 | Lair:2   | Reached skill level 5 in Conjurations
 22215 | Lair:3   | Noticed an eight-headed hydra
 22228 | Lair:3   | Killed a six-headed hydra
 22265 | Lair:3   | Reached skill level 5 in Spellcasting
 22370 | Lair:3   | Reached XP level 13. HP: 80/80 MP: 20/20
 22685 | Lair:3   | Reached ****** piety under Elyvilon
 22863 | Lair:3   | Reached skill level 11 in Earth Magic
 23510 | Lair:3   | Found a staircase to the Swamp,
 25470 | Lair:4   | Reached skill level 10 in Fighting
 25583 | Lair:4   | Noticed Nergalle
 25719 | Lair:4   | Killed Nergalle
 25719 | Lair:4   | Reached skill level 12 in Earth Magic
 26200 | Lair:4   | Noticed Sonja
 26203 | Lair:4   | Killed Sonja
 26764 | Lair:5   | Noticed Rupert
 26775 | Lair:5   | Killed Rupert
 26775 | Lair:5   | Gained mutation: Your large and strong wings let you fly
                  | indefinitely. [Gargoyle growth]
 26775 | Lair:5   | Reached XP level 14. HP: 88/88 MP: 11/23
 27357 | Lair:5   | Reached skill level 10 in Maces & Flails
 28277 | Lair:6   | Entered Level 6 of the Lair of Beasts
 28366 | Lair:5   | Reached skill level 13 in Earth Magic
 29542 | Lair:6   | Found a staircase to the Slime Pits,
 31984 | Lair:6   | Got a steaming hand axe
 31989 | Lair:6   | Identified the cursed +1 hand axe of the Lurker {freeze,
                  | rElec MP+9} (You found it on level 6 of the Lair of Beasts)
 32770 | Lair:6   | Learned a level 6 spell: Iron Shot
 32775 | Lair:6   | Learned a level 4 spell: Leda's Liquefaction
 33263 | Lair:6   | Reached XP level 15. HP: 94/94 MP: 10/24
 33785 | D:11     | Reached skill level 1 in Shields
 33973 | D:12     | Found a flickering gateway to a bazaar,
 33994 | Bazaar   | Entered a bazaar
 33994 | Bazaar   | Found Vyucusk's General Store,
 33994 | Bazaar   | Found Rijumus's Book Shop,
 33994 | Bazaar   | Found Neubbumi's Book Shop,
 33994 | Bazaar   | Found Miukif's Distillery,
 34135 | Bazaar   | Bought a book of Annihilations for 772 gold pieces
 34139 | Bazaar   | Bought 2 potions of brilliance for 128 gold pieces
 34139 | Bazaar   | Bought a potion of might for 64 gold pieces
 34761 | D:12     | Reached skill level 14 in Earth Magic
 35292 | D:12     | Identified the Reference Book on Stones
 35971 | D:13     | Noticed Urug
 36044 | D:13     | Noticed Frances
 36265 | D:13     | Killed Urug
 36952 | D:13     | Found a gate to the Vaults,
 37415 | D:13     | Found a shimmering altar of Xom,
 37437 | D:13     | Found a shimmering altar of Xom,
 37440 | D:13     | Found a shimmering altar of Xom,
 37829 | D:13     | Killed Frances
 38062 | D:14     | Noticed Azrael
 38467 | D:14     | Reached skill level 1 in Hexes
 39956 | D:14     | HP: 4/95 [Azrael/fireball (34)]
 39957 | D:14     | Killed from afar by Azrael

Levels and vault maps discovered:
D:1:      enne_arrival_octagon_isle, layout_loops_ring, solitary_fountain,
          hangedman_abyss_or_decor_stabs
D:2:      layout_basic
D:3:      layout_loops_cross, first_ration, uniq_grinder
D:4:      layout_cave_pods, minmay_temple_entry_statues_fountains, serial_shops,
          shop, kennysheep_opposing_triangles, uniq_pikel, uniq_sigmund
D:5:      layout_loops_ring
D:6:      layout_basic
D:7:      layout_loops_ring, kennysheep_vampire_church, kennysheep_little_box,
          grunt_ogre_cave
D:8:      minmay_spotlight, layout_loops_ring,
          nicolae_dithmenos_through_a_glass_darkly,
          nicolae_ashenzari_panopticon, serial_glass, glass_columns_a,
          glass_columns_c, st_stairs_14, uniq_maggie
D:9:      layout_irregular_city, lemuel_round_altar, overflow_temple_1_default,
          gammafunk_temple_overflow_elements
D:10:     layout_cave_pools, serial_gnoll_camp, gnoll_camp_medium_02,
          gnoll_camp_mini_hut, gnoll_camp_mini_hut, gnoll_camp_huts_basic,
          gnoll_camp_mini_hut, gnoll_camp_mini_doghouse
D:11:     layout_stronghold, minmay_lair_entry_grove, david_orc_5
D:12:     cheibrodos_hippocracy, layout_loops_cross, serial_shops,
          bzr_entry_dummy
D:13:     layout_cross, skrybe_vaults_entry_preservation,
          gauntlet_entry_generic, minmay_misc_feat_more_columns,
          kennysheep_path_1, xom_redecorated, uniq_urug, uniq_frances
D:14:     layout_grid_maze, special_room [special_room_bee],
          infiniplex_staircase_star, uniq_azrael
Temple:   jpeg_temple_clearing
Lair:1:   layout_chaotic_city, chequers_serial_rivers_small_a,
          lemuel_fruit_fields, minmay_lair_oklob_chamber
Lair:2:   layout_regular_city, nicolae_spider_entry_tight_spaces,
          chequers_serial_rivers_micro_b, beast_lair_carwin_7
Lair:3:   regret_index_bee_streams, layout_loops_ring, swamp_mist
Lair:4:   layout_misc_corridors, serial_bayou_shore_b, lemuel_fruit_fields,
          infiniplex_staircase_pool, uniq_nergalle, uniq_sonja
Lair:5:   layout_regular_city, chequers_serial_rivers_marsh,
          cheibrodos_lair_reptile_den, uniq_rupert
Lair:6:   guppyfry_lair_end_dragon, layout_gridlike,
          hangedman_lair_tendril_chambers, minmay_slime_entry_jelly_boxes,
          chequers_serial_rivers_micro_e

Skill      XL: |  1  2  3  4  5  6  7  8  9 10 11 12 13 14 15 |
---------------+----------------------------------------------+-----
Earth Magic    | 4 5 6 7 9 10 12 13 14 | 14.4
Dodging        | 2 3 4 5 6 7 |  7.6
Stealth        | 3 4 5 |  5.1
Conjurations   | 2 3 4 5 6 8 |  8.4
Fighting       | 2 4 5 7 8 9 10 11 | 11.5
Short Blades   | 2 |  2.8
Maces & Flails | 2 5 6 8 9 10 11 | 11.3
Invocations    | 3 5 6 9 10 11 12 | 12.5
Spellcasting   | 3 4 5 6 |  6.6
Armour         | 2 4 5 |  5.0
Transmutations | 2 3 |  3.0
Shields        | 4 |  4.1
Hexes          | 1 |  1.7

Action                   |  1- 3 |  4- 6 |  7- 9 | 10-12 | 13-15 || total
-------------------------+-------+-------+-------+-------+-------++-------
Melee: Unarmed           |     3 |       |       |       |       ||     3
       Dagger            |    35 |       |       |       |       ||    35
       Club              |       |    19 |       |       |       ||    19
       Short sword       |       |    80 |   256 |   365 |       ||   701
       War axe           |       |       |       |   113 |   557 ||   670
       Morningstar       |       |       |       |    18 |       ||    18
       Scimitar          |       |       |       |     2 |       ||     2
       Eveningstar       |       |       |       |       |   324 ||   324
Throw: Stone             |     2 |       |       |       |       ||     2
       Dart              |       |     6 |     6 |    15 |    20 ||    47
       Boomerang         |       |       |       |     2 |       ||     2
 Cast: Sandblast         |    47 |    37 |    55 |   188 |   134 ||   461
       Stone Arrow       |       |     8 |    39 |   177 |   452 ||   676
       Leda's Liquefacti |       |       |       |       |    25 ||    25
       Iron Shot         |       |       |       |       |     2 ||     2
Invok: Lesser Healing    |       |       |     4 |       |     4 ||     8
       Heal Other        |       |       |       |     3 |     2 ||     5
       Greater Healing   |       |       |       |     4 |     7 ||    11
       Divine Vigour     |       |       |       |       |     2 ||     2
 Abil: Evoke Berserk Rag |       |       |     1 |       |       ||     1
       Fly               |       |       |       |       |     1 ||     1
       Stop Flying       |       |       |       |       |     1 ||     1
  Use: Scroll            |       |     2 |     7 |    10 |    15 ||    34
       Potion            |       |     1 |     3 |       |       ||     4
 Stab: Sleeping          |       |       |     7 |     3 |     9 ||    19
       Distracted        |       |       |       |       |     2 ||     2
  Eat: Chunk             |     2 |     7 |    18 |    48 |    61 ||   136
       Ration            |       |     2 |     1 |     2 |     5 ||    10
Armor: Robe              |    24 |       |       |       |       ||    24
       Ring mail         |       |    60 |       |       |       ||    60
       Leather armour    |       |     1 |    75 |       |       ||    76
       Steam dragon scal |       |       |    23 |   364 |  1034 ||  1421
Dodge: Dodged            |    46 |    71 |   175 |   595 |  1543 ||  2430
Block: Buckler           |       |       |       |       |   168 ||   168
       Rpst.: Scimitar   |       |       |       |     2 |       ||     2

Table legend:
 A = Non-vault XP
 B = Vault XP
 C = Vault XP percentage of total XP
 D = Non-vault monster count
 E = Vault monster count
 F = Vault count percentage of total count
                 A         B        C        D         E       F
            +---------+---------+-------+---------+---------+-------
      Total |   72214 |   47011 |  39.4 |     462 |     275 |  37.3
            +---------+---------+-------+---------+---------+-------
        D:1 |      21 |       0 |   0.0 |      15 |       0 |   0.0
        D:2 |     149 |       0 |   0.0 |      37 |       0 |   0.0
        D:3 |      55 |     884 |  94.1 |      16 |       2 |  11.1
        D:4 |     136 |     348 |  71.9 |      13 |       5 |  27.8
        D:5 |     409 |       0 |   0.0 |      15 |       0 |   0.0
        D:6 |     616 |       0 |   0.0 |      15 |       0 |   0.0
        D:7 |     910 |     234 |  20.5 |      12 |       9 |  42.9
        D:8 |     801 |     653 |  44.9 |      16 |       4 |  20.0
        D:9 |    3052 |       0 |   0.0 |      30 |       0 |   0.0
       D:10 |    2170 |    1664 |  43.4 |      29 |      42 |  59.2
       D:11 |    4460 |    1238 |  21.7 |      34 |      25 |  42.4
       D:12 |    5772 |    4834 |  45.6 |      28 |      18 |  39.1
       D:13 |    5504 |    5371 |  49.4 |      28 |      11 |  28.2
       D:14 |    7718 |    2816 |  26.7 |      36 |      21 |  36.8
     Lair:1 |    2445 |     137 |   5.3 |      10 |       1 |   9.1
     Lair:2 |    4427 |    4677 |  51.4 |      17 |      24 |  58.5
     Lair:3 |    9685 |    5152 |  34.7 |      33 |      43 |  56.6
     Lair:4 |    5667 |    1586 |  21.9 |      22 |       2 |   8.3
     Lair:5 |    9203 |    5950 |  39.3 |      27 |      18 |  40.0
     Lair:6 |    9014 |   11467 |  56.0 |      29 |      50 |  63.3
            +---------+---------+-------+---------+---------+-------
